 Dungeon Crawl Stone Soup version 0.30-a0-778-g2ef04afb54 (console) character file.

Game seed: 16093152714550799066

23 rlgrobin the Chopper (level 3, -16/31 HPs)
             Began as a Meteoran Fighter on Feb 16, 2023.
             Demolished by Crazy Yiuf
             ... wielding a +4 quarterstaff of chaos
              (20 damage)
             ... on level 2 of the Dungeon.
             The game lasted 00:01:08 (235 turns).

rlgrobin the Chopper (Meteoran Fighter)              Turns: 235, Time: 00:01:09

Health: -16/31     AC:  8    Str: 20    XL:     3   Next: 26%
Magic:  0/4        EV:  9    Int:  9    God:
Gold:   47         SH:  5    Dex: 13    Spells: 2/2 levels left

rFire   . . .      SeeInvis .    a - +0 war axe
rCold   . . .      Faith    .    c - +0 buckler
rNeg    . . .      Spirit   .    b - +0 scale mail
rPois   .          Reflect  .    (no helmet)
rElec   .          Harm     .    (no cloak)
rCorr   .          Rampage  .    h - +0 pair of gloves
Will    .....                    (no boots) Stlth
                                 (no amulet)
HPRegen 0.25/turn                (no ring)
MPRegen 0.09/turn                (no ring)

@: mighty, glowing
A: sense surroundings 1, otherworldly, glowing, explore regen
a: no special abilities


You were on level 2 of the Dungeon.
You visited 1 branch of the dungeon, and saw 2 of its levels.

You collected 47 gold pieces.

Inventory:

Hand Weapons
 a - a +0 war axe (weapon)
Armour
 b - a +0 scale mail (worn)
 c - a +0 buckler (worn)
 h - a +0 pair of gloves (worn)
Scrolls
 e - a scroll of enchant armour {unknown}
 f - 3 scrolls of enchant weapon {unknown}
 i - a scroll of teleportation {unknown}
Potions
 g - a potion of flight {unknown}


   Skills:
 - Level 3.2 Fighting
 + Level 4.1 Axes
 - Level 3.6 Armour
 - Level 3.6 Shields


You had 2 spell levels left.
You didn't know any spells.
Your spell library was empty.

Dungeon Overview and Level Annotations

Branches:
Dungeon (2/15) Zot: 948

Altars:

Annotations:
D:2 Crazy Yiuf


Innate Abilities, Weirdness & Mutations

You passively map a small area around you.
You are easily found by Zot.
You glow in the dark.
You regain HP and MP as you explore.


Message History

The fungus is lightly damaged.
You hit the fungus. x2
You hit the fungus.
The fungus is lightly damaged.
You slash the fungus! You hit the fungus.
A nearby fungus withers and dies. x2
A nearby fungus withers and dies.
Found a hammer.
Found a runed translucent door.
Crazy Yiuf shouts!
Press: ? - help, v - describe, . - travel
Here: Crazy Yiuf, wielding a +4 quarterstaff of chaos and wearing a +2 cloak (fire blocked by a runed translucent door)
The floor.
You feel very mighty all of a sudden.
You open the door. You hit Crazy Yiuf.
Crazy Yiuf is lightly wounded.
Crazy Yiuf barely misses you.
You closely miss Crazy Yiuf.
Crazy Yiuf is lightly wounded.
Crazy Yiuf screams, "Trifle forty-two bush!"
Crazy Yiuf hits you with a +4 quarterstaff of chaos.
You blink.
Crazy Yiuf laughs, "Defame!"
Crazy Yiuf hits you but does no damage. Crazy Yiuf attacks as you move away!
Crazy Yiuf hits you with a +4 quarterstaff of chaos!
You feel your power leaking away.
You barely miss Crazy Yiuf.
Crazy Yiuf is lightly wounded.
Crazy Yiuf hits you with a +4 quarterstaff of chaos!
You slash Crazy Yiuf!
Crazy Yiuf is severely wounded.
Crazy Yiuf hits you but does no damage.
You closely miss Crazy Yiuf.
Crazy Yiuf is severely wounded.
Crazy Yiuf barely misses you.
Crazy Yiuf hits you with a +4 quarterstaff of chaos!
* * * LOW HITPOINT WARNING * * *
You are electrocuted!!
Ouch! That really hurt!
You die...

* * **
** * *
#####
#..)#
#@..#
#g..#
##'##
♣♣.♣ *
♣.♣♣
,,
♣♣.♣ *
♣.♣♣ *
♣♣.♣♣
* *
♣...♣♣


You could see Crazy Yiuf.

Vanquished Creatures
  A dart slug (D:1)
  A bat (D:1)
  2 endoplasms (D:1)
  A giant cockroach (D:1)
  A goblin (D:1)
  3 jackals (D:1)
  4 kobolds (D:1)
  A quokka (D:1)
  2 frilled lizards (D:1)
  2 rats (D:1)
18 creatures vanquished.

Vanquished Creatures (others)
  3 fungi (D:2)
3 creatures vanquished.

Grand Total: 21 creatures vanquished

Notes
Turn   | Place    | Note
-------+----------+-------------------------------------------
     0 | D:1      | rlgrobin the Meteoran Fighter began the quest for the Orb.
     0 | D:1      | Reached XP level 1. HP: 19/19 MP: 2/2
    43 | D:1      | Reached skill level 3 in Axes
    43 | D:1      | Reached XP level 2. HP: 26/26 MP: 3/3
   102 | D:1      | Reached XP level 3. HP: 28/31 MP: 4/4
   122 | D:1      | Reached skill level 4 in Axes
   224 | D:2      | Found a runed translucent door.
   225 | D:2      | Noticed Crazy Yiuf
   235 | D:2      | Demolished by Crazy Yiuf

Illustrated notes

Levels and vault maps discovered:
D:1:      saegor_arrival_simple_a, layout_loops_ring
D:2:      kennysheep_six_static_rooms, layout_basic,
          dreamdust_ecumenical_altar_drowned_temple, uniq_natasha,
          uniq_crazy_yiuf_cottage

Skill      XL: |  1  2  3 |
---------------+----------+-----
Axes           | 3 4 |  4.1
Fighting       | |  3.2
Armour         | |  3.6
Shields        | |  3.6

Action                     || total
---------------------------++-------
  Melee: War axe           ||    45
    Use: Potion            ||     1
 Armour: Scale mail        ||    23
  Dodge: Dodged            ||    16
  Block: Buckler           ||    11

Table legend: (Time is in decaauts)
 A = Elapsed time spent in this place.
 B = Non-inter-level travel time spent in this place.
 C = Inter-level travel time spent in this place.
 D = Time resting spent in this place.
 E = Time spent auto-exploring this place.
 F = Levels seen in this place.
 G = Mean time per level.
                   A        B        C        D        E       F      G
               +--------+--------+--------+--------+--------+-----+--------+
         Total |    250 |    250 |      0 |      0 |      0 |   2 |  125.0 |
       Dungeon |    250 |    250 |      0 |      0 |      0 |   2 |  125.0 |
               +--------+--------+--------+--------+--------+-----+--------+

Top non-repeatable levels by time:
     D:1: 214 daAuts
     D:2: 36 daAuts
